 Dungeon Crawl Stone Soup version 0.30-a0-149-g7f746667c4 (webtiles) character file.

Game seed: 16764290943280695219

727 ytrimaz the Ruffian (level 7, -2/61 HPs)
             Began as a Troll Transmuter on Sept 26, 2022.
             Slain by a two-headed ogre
             ... wielding a +0 giant spiked club
              (23 damage)
             ... on level 4 of the Dungeon.
             The game lasted 00:04:24 (3121 turns).

ytrimaz the Ruffian (Troll Transmuter)              Turns: 3121, Time: 00:04:24

Health: -2/61      AC:  4    Str: 19    XL:     7   Next: 44%
Magic:  4/7        EV: 13    Int: 11    God:
Gold:   266        SH:  0    Dex: 10    Spells: 5/8 levels left

rFire   . . .      SeeInvis .      - Unarmed
rCold   . . .      Faith    .    (no shield)
rNeg    . . .      Spirit   .    a - +0 robe
rPois   +          Reflect  .    (helmet currently unavailable)
rElec   .          Harm     .    (no cloak)
rCorr   .          Rampage  .    (gloves unavailable)
Will    .....                    (boots unavailable)
Stlth   +.........               (no amulet)
HPRegen 1.00/turn                i - ring of poison resistance
MPRegen 0.10/turn                e - +4 ring of evasion

@: appendages, wereblooded
A: horns 2, talons 2, large, unfitting armour, claws 3, regeneration 1, shaggy
fur 1, tough skin 1
a: End Transformation


You were on level 4 of the Dungeon.
You had temporarily grown beastly horns and talons.
You visited 1 branch of the dungeon, and saw 4 of its levels.

You collected 266 gold pieces.


Innate Abilities, Weirdness & Mutations

You have temporarily grown beastly horns and talons.
You are too large for most types of armour.
You have claws for hands.
Your natural rate of healing is unusually fast.
You are covered in fur. (AC +1)
You have tough skin. (AC +1)


   Skills:
 - Level 0.7 Fighting
 - Level 1.5 Dodging
 + Level 7.2 Unarmed Combat
 - Level 1.2 Spellcasting
 - Level 4.0 Transmutations


You had 5 spell levels left.
You knew the following spells:

 Your Spells              Type           Power      Damage    Failure   Level
a - Beastly Appendage     Tmut           18%        N/A       6%          1
b - Wereblood             Tmut           9%         N/A       10%         2

Your spell library contained the following spells:

 Spells                   Type           Power      Damage    Failure   Level
 Spider Form              Tmut/Pois      5%         N/A       38%         3
 Ice Form                 Ice/Tmut       5%         N/A       80%         4

Inventory:

Armour
 a - a +0 robe (worn)
Jewellery
 e - a +4 ring of evasion (right claw)
   (You found it on level 2 of the Dungeon)
 g - a +6 ring of strength
   (You found it on level 2 of the Dungeon)
 i - a ring of poison resistance (left claw)
   (You found it on level 1 of the Dungeon)
Scrolls
 c - 3 scrolls of teleportation
 k - a scroll of noise
 l - a scroll of fear
Potions
 b - 2 potions of lignification
 d - 3 potions of heal wounds
 f - a potion of curing
 h - a potion of mutation {unknown}
 j - a potion of haste
 m - a potion of cancellation {unknown}

Dungeon Overview and Level Annotations

Branches:
Dungeon (4/15) Zot: 20897
 Temple: D:4-7

Altars:
Hepliaklqana

Annotations:
D:4 4 runed translucent doors

.......##8$=8##.####
###.....######.....##
....###+# #'###..#
#..## #..†##.# #..# #
##)#.#.# #..#
#.#.##.#.# #[.#
#.##.#.#.## #..#
#..###.#..# #..##
####..O@##..#
#...######..######...#
#<#................#.#
####..)###.##..##.#..#
###..............##
#####.##########
#######.# ####.......#
#......#####


You could see a two-headed ogre.


Message History

😕 HP[-6]
You take 6 damage, and now have 55/61 hp.
You barely miss the iguana.
An adder comes into view.
The orc barely misses you. The iguana bites you! 😕 HP[-8]
You take 8 damage, and now have 47/61 hp.
You barely miss the iguana. The orc hits you but does no damage.
The iguana misses you. 😕 HP[+1] Unknown command.
You barely miss the iguana. The orc closely misses you.
The iguana barely misses you.
You barely miss the iguana. 😕 HP[+2]
You regained 2 hp, and now have 50/61 hp.
Unknown command.
You scratch the iguana. The iguana bites you.
The orc hits you but does no damage. 😮 HP[-5]
You take 5 damage, and now have 45/61 hp.
You are too injured to fight recklessly!
You are too injured to fight recklessly!
Unknown command.
You are too injured to fight recklessly!
Unknown command.
You are too injured to fight recklessly!
You claw the iguana! The orc hits you with a +0 club. The iguana misses you.
You are too injured to fight recklessly!
Unknown command.
You claw the iguana!
You kill the iguana!
The orc barely misses you. 😕 HP[+1]
You mangle the adder!!
You kill the adder!
The orc barely misses you. The orc closely misses you.
Things that are here:
an adder corpse; an iguana corpse; 😕 HP[+1]
You claw the orc!
You kill the orc! 😕 HP[+1] Unknown command.
No target in view!
Unknown command.
Things that are here:
a +0 club; a +0 ring mail; 😕 HP[+1] No target in view!
m - a bubbling grey potion 😎 HP[+12]
Your hp is fully restored (61).
Unknown command.
Things that are here:
a +0 club; a +0 ring mail
Things that are here:
an adder corpse; an iguana corpse An endoplasm comes into view.
An endoplasm is nearby!
A two-headed ogre comes into view.
It is wielding a +0 giant spiked club and a +0 dire flail.
The two-headed ogre shouts in stereo!
The endoplasm misses you.
There are monsters nearby!
There are monsters nearby!
You barely miss the endoplasm. The endoplasm hits you. 😕 HP[-2]
You take 2 damage, and now have 59/61 hp.
Unknown command.
You claw the endoplasm!
You kill the endoplasm!
The two-headed ogre barely misses you.
The two-headed ogre hits you with a +0 dire flail!
You are too injured to fight recklessly! 😮 HP[-15]
You take 15 damage, and now have 44/61 hp.
MASSIVE DAMAGE!! (PAUSE) 😮 HP[+1]
You are too injured to fight recklessly!
Unknown command.
You are too injured to fight recklessly!
Unknown command. 😕 HP[+1]
Casting: Beastly Appendage (safe; 6% risk of failure)
Confirm with . or Enter, or press ? or * to list all spells.
You grow a pair of large bovine horns.
Your feet morph into talons. 😕 HP[+1] MP[-1]
You lost 1 mp, and now have 6/7 mp.
Casting: Beastly Appendage (safe; 6% risk of failure)
Confirm with . or Enter, or press ? or * to list all spells.
Your blood is infused with primal strength.
The two-headed ogre hits you with a +0 giant spiked club!!
* * * LOW HITPOINT WARNING * * *
The two-headed ogre misses you. 😨 HP[-27] MP[-2]
You take 27 damage, and now have 20/61 hp.
MASSIVE DAMAGE!! (PAUSE)
You lost 2 mp, and now have 4/7 mp.
You claw the two-headed ogre! The two-headed ogre barely misses you.
The two-headed ogre hits you with a +0 dire flail!!
You die...

Skill      XL: |  1  2  3  4  5  6 |
---------------+-------------------+-----
Transmutations | 2 3 4 |  4.0
Unarmed Combat | 4 5 7 |  7.2
Fighting       | |  0.7
Dodging        | |  1.5
Spellcasting   | |  1.2

Action                   |  1- 3 |  4- 6 |  7- 9 || total
-------------------------+-------+-------+-------++-------
Melee: Unarmed           |    75 |   122 |    23 ||   220
       Kick              |     6 |    15 |     1 ||    22
       Headbutt          |     3 |     7 |     1 ||    11
       Punch             |     1 |     1 |       ||     2
 Cast: Beastly Appendage |    21 |    20 |     3 ||    44
       Wereblood         |       |     2 |     1 ||     3
  Use: Scroll            |     6 |     4 |       ||    10
 Stab: Sleeping          |     3 |     3 |       ||     6
Armor: Robe              |    26 |    47 |     3 ||    76
Dodge: Dodged            |    30 |   108 |    21 ||   159

Levels and vault maps discovered:
D:1:      heliophobic_arrival_henge, layout_loops_cross
D:2:      layout_basic, basic_altar, shapermc_ecumenical_altar_mp_ritualfount
D:3:      layout_basic, minmay_checkerbox
D:4:      layout_basic, minmay_hollow_rounded_squares, uniq_pikel,
          uniq_blork_the_orc

Notes
Turn   | Place    | Note
-------+----------+-------------------------------------------
     0 | D:1      | ytrimaz the Troll Transmuter began the quest for the Orb.
     0 | D:1      | Reached XP level 1. HP: 18/18 MP: 1/1
     0 | D:1      | magus.rc [v1.9.6]
   220 | D:1      | Reached XP level 2. HP: 26/26 MP: 0/2
   515 | D:1      | Reached skill level 2 in Transmutations
   921 | D:1      | Learned a level 2 spell: Wereblood
  1009 | D:2      | Reached XP level 3. HP: 13/32 MP: 1/3
  1064 | D:2      | Found a faded altar of an unknown god.
  1115 | D:2      | Reached skill level 4 in Unarmed Combat
  1247 | D:2      | Found a hazy altar of Hepliaklqana.
  1312 | D:2      | Reached XP level 4. HP: 37/40 MP: 2/4
  1955 | D:3      | Identified the ring of Toju {Str+2 Dex+6}
  2520 | D:4      | Reached XP level 5. HP: 46/46 MP: 3/5
  2547 | D:4      | Found a large runed translucent door.
  2548 | D:4      | Found a large runed translucent door.
  2552 | D:4      | Noticed an orc warrior
  2552 | D:4      | Noticed a wyvern
  2658 | D:4      | Noticed a phantom
  2664 | D:4      | Killed a phantom
  2665 | D:4      | Reached skill level 3 in Transmutations
  2691 | D:4      | Noticed Blork the orc
  2698 | D:4      | Killed Blork the orc
  2699 | D:4      | Reached skill level 5 in Unarmed Combat
  2699 | D:4      | Reached XP level 6. HP: 35/54 MP: 4/6
  2817 | D:4      | Noticed Pikel
  2835 | D:4      | Killed Pikel
  2836 | D:4      | Reached skill level 7 in Unarmed Combat
  2836 | D:4      | Reached skill level 4 in Transmutations
  2836 | D:4      | Reached XP level 7. HP: 38/61 MP: 4/7
  3034 | D:4      | Found a large runed translucent door.
  3034 | D:4      | Found a large runed translucent door.
  3114 | D:4      | Noticed a two-headed ogre
  3121 | D:4      | Slain by a two-headed ogre

Vanquished Creatures
  Pikel (D:4)
  A lemure (D:4)
  A phantom (D:4)
  Blork the orc (D:4)
  An iguana (D:4)
  3 gnolls (D:2)
  5 adders
  An ufetubus (D:4)
  A worm (D:3)
  3 orcs
  6 endoplasms
  8 giant cockroaches
  8 goblins
  7 hobgoblins
  4 jackals (D:1)
  9 kobolds
  2 quokkas
  5 ball pythons
  8 bats
  5 frilled lizards
  7 rats
87 creatures vanquished.

Vanquished Creatures (others)
  3 fungi (D:2)
  5 plants (D:2)
8 creatures vanquished.

Grand Total: 95 creatures vanquished

Table legend:
 A = Non-vault XP
 B = Vault XP
 C = Vault XP percentage of total XP
 D = Non-vault monster count
 E = Vault monster count
 F = Vault count percentage of total count
                 A         B        C        D         E       F
            +---------+---------+-------+---------+---------+-------
      Total |     309 |     730 |  70.3 |      76 |      10 |  11.6
            +---------+---------+-------+---------+---------+-------
        D:1 |      33 |       0 |   0.0 |      22 |       0 |   0.0
        D:2 |      80 |       0 |   0.0 |      27 |       0 |   0.0
        D:3 |      48 |      17 |  26.2 |      18 |       4 |  18.2
        D:4 |     148 |     713 |  82.8 |       9 |       6 |  40.0
            +---------+---------+-------+---------+---------+-------

Illustrated notes

Table legend:
 A = Kills in this place as a percentage of kills in entire the game.
 B = Kills by you in this place as a percentage of kills by you in the entire game.
 C = Kills by friends in this place as a percentage of kills by friends in the entire game.
 D = Other kills in this place as a percentage of other kills in the entire game.
 E = Experience gained in this place as a percentage of experience gained in the entire game.
 F = Experience gained in this place divided by the number of levels of this place that you have seen.
                   A       B       C       D       E      F
               +-------+-------+-------+-------+-------+----------------------
         Total | 100.0 | 100.0 |   N/A |   N/A | 100.0 | 259.8
       Dungeon | 100.0 | 100.0 |   N/A |   N/A | 100.0 | 259.8
               +-------+-------+-------+-------+-------+----------------------

Table legend: (Time is in decaauts)
 A = Elapsed time spent in this place.
 B = Non-inter-level travel time spent in this place.
 C = Inter-level travel time spent in this place.
 D = Time resting spent in this place.
 E = Time spent auto-exploring this place.
 F = Levels seen in this place.
 G = Mean time per level.
                   A        B        C        D        E       F      G
               +--------+--------+--------+--------+--------+-----+--------+
         Total |   3101 |   3058 |     43 |    124 |   2298 |   4 |  775.2 |
       Dungeon |   3101 |   3058 |     43 |    124 |   2298 |   4 |  775.2 |
               +--------+--------+--------+--------+--------+-----+--------+

Top non-repeatable levels by time:
     D:1: 933 daAuts
     D:2: 921 daAuts
     D:4: 675 daAuts
     D:3: 571 daAuts
